 Dungeon Crawl Stone Soup version 0.26-a0-597-gb535b0901c (webtiles) character file.

Game seed: 2536866673822288440

28388 vurker the Frost Mage (level 13, -1/92 HPs)
             Began as an Octopode Ice Elementalist on Sept 9, 2020.
             Was an Elder of Vehumet.
             Slain by a harpy (5 damage)
             ... on level 6 of the Lair of Beasts.
             The game lasted 00:36:46 (25634 turns).

vurker the Frost Mage (Octopode Ice Elementalist)  Turns: 25634, Time: 00:36:47

Health: -1/92      AC:  1    Str:  9    XL:     13   Next: 38%
Magic:  35/38      EV: 13    Int: 28    God:    Vehumet [****..]
Gold:   1205       SH:  0    Dex: 15    Spells: 25/37 levels left

rFire    . . .     SeeInvis +   a - staff of cold
rCold    + . .     Faith    .   (no shield)
rNeg     + + .     Spirit   .   l - +0 hat
rPois    +         Reflect  .   g - amulet of magic regeneration
rElec    .         Harm     .   f - ring of resist corrosion
rCorr    +                      G - +6 ring of intelligence
MR       .....                  y - ring of positive energy
Stlth    ++++......             s - ring of fire
HPRegen  0.25/turn              D - ring of ice
MPRegen  0.51/turn              z - ring "Heallil" {rPois rN+ Str+2 Dex+2 SInv}
                                F - ring of magical power
                                v - ring of stealth

@: about to teleport, marked, frozen ramparts
A: almost no armour, stealthy swim, amphibious, 8 rings, constrict 8, camouflage
1, gelatinous body 1
a: Renounce Religion


You were on level 6 of the Lair of Beasts.
You worshipped Vehumet.
Vehumet was greatly pleased with you.
You visited 3 branches of the dungeon, and saw 19 of its levels.
You also visited: Sewer.

You collected 2043 gold pieces.
You spent 838 gold pieces at shops.

Inventory:

Armour
 l - a +0 hat (worn)
   (You took it off Gastronok on level 11 of the Dungeon)
Magical Staves
 a - an uncursed staff of cold (weapon)
   (You took it off Fannar on level 10 of the Dungeon)
 H - an uncursed staff of earth
   (You found it on level 5 of the Lair of Beasts)
Jewellery
 f - a ring of resist corrosion (left tentacle)
   (You found it on level 1 of the Dungeon)
 g - an amulet of magic regeneration (around mantle)
   (You found it on level 1 of the Lair of Beasts)
 s - a ring of fire (on tentacle)
   (You found it on level 4 of the Dungeon)
 v - a ring of stealth (on tentacle)
   (You found it on level 3 of the Lair of Beasts)
 y - a ring of positive energy (on tentacle)
   (You found it on level 11 of the Dungeon)
 z - the ring "Heallil" (on tentacle) {rPois rN+ Str+2 Dex+2 SInv}
   (You bought it in a shop on level 8 of the Dungeon)

   [ring of see invisible]

   It affects your strength (+2).
   It affects your dexterity (+2).
   It protects you from poison.
   It protects you from negative energy.
   It lets you see invisible.
 D - a ring of ice (on tentacle)
   (You bought it in a shop on level 8 of the Dungeon)
 F - a ring of magical power (on tentacle)
   (You bought it in a shop on level 8 of the Dungeon)
 G - a +6 ring of intelligence (right tentacle)
   (You found it on level 4 of the Lair of Beasts)
Wands
 c - a wand of disintegration (16)
   (You found it on level 9 of the Dungeon)
 d - a wand of iceblast (23)
   (You took it off an orc wizard on level 6 of the Dungeon)
 k - a wand of polymorph (39)
   (You found it in a sewer)
 u - a wand of paralysis (10)
   (You found it on level 5 of the Lair of Beasts)
 x - a wand of acid (5)
   (You found it on level 4 of the Dungeon)
 A - a wand of enslavement (10)
   (You found it on level 7 of the Dungeon)
Scrolls
 h - a scroll of fear
 i - 5 scrolls of magic mapping
 p - 8 scrolls of remove curse
 q - 2 scrolls of enchant armour
 r - 3 scrolls of identify
 w - a scroll of amnesia
 C - a scroll of teleportation
 J - a scroll of fog
Potions
 b - a potion of invisibility
 e - a potion of magic
 j - 2 potions of mutation
 m - 5 potions of haste
 n - 2 potions of brilliance
 o - 3 potions of cancellation
 t - 4 potions of curing
 B - 2 potions of heal wounds
 E - 3 potions of flight
 I - a potion of lignification


   Skills:
 + Level 9.9 Fighting
 - Level 2.0 Dodging
 - Level 2.6 Stealth
 * Level 12.7 Spellcasting
 - Level 3.0 Conjurations
 - Level 3.0 Summonings
 * Level 14.0 Ice Magic


You had 25 spell levels left.
You knew the following spells:

 Your Spells              Type           Power        Failure   Level
a - Freeze                Ice            ####         0%          1
b - Frozen Ramparts       Ice            ######       1%          3
c - Hailstorm             Conj/Ice       #######.     1%          4
d - Summon Ice Beast      Ice/Summ       #######.     1%          4

Your spell library contained the following spells:

 Spells                   Type           Power        Failure   Level
 Lee's Rapid Deconstruct  Erth           ###.......   21%         5
 Magic Dart               Conj           ####         1%          1
 Summon Small Mammal      Summ           ####         1%          1
 Call Imp                 Summ           ####....     1%          2
 Searing Ray              Conj           ####..       1%          2
 Conjure Flame            Conj/Fire      #####...     1%          3
 Dazzling Flash           Conj/Hex       ####..       1%          3
 Mephitic Cloud           Conj/Pois/Air  ###.....     1%          3
 Ozocubu's Armour         Ice            ########     1%          3
 Call Canine Familiar     Summ           ####....     2%          3
 Ignite Poison            Fire/Tmut/Pois ####....     2%          3
 Inner Flame              Hex/Fire       ####....     2%          3
 Corona                   Hex            ###....      3%          1
 Sting                    Tmut/Pois      ###.         3%          1
 Blink                    Tloc           N/A          4%          2
 Poisonous Vapours        Pois/Air       ###...       4%          2
 Slow                     Hex            ###.....     4%          2
 Summon Guardian Golem    Hex/Summ       ####....     4%          3
 Fulminant Prism          Conj/Hex       ####......   4%          4
 Iskenderun's Mystic Bla  Conj/Tloc      ####....     4%          4
 Portal Projectile        Hex/Tloc       ###...       9%          3
 Olgreb's Toxic Radiance  Pois           ###.....     9%          4
 Freezing Cloud           Conj/Ice/Air   #######...   12%         6
 Summon Lightning Spire   Summ/Air       ####....     16%         4
 Cause Fear               Hex            ###.......   30%         4
 Leda's Liquefaction      Hex/Erth       ###.......   30%         4


Dungeon Overview and Level Annotations

Branches:
Dungeon (12/15)            Temple (1/1) D:5            Lair (6/6) D:8
 Shoals (0/4) Lair:3       Spider (0/4) Lair:3          Orc (0/2) D:11
  Sewer (visited)
  Slime: Lair:5-6

Altars:
Ashenzari
Cheibriados
Dithmenos
Elyvilon
Fedhas
Gozag
Hepliaklqana
Kikubaaqudgha
Makhleb
Nemelex Xobeh
Okawaru
Qazlal
Ru
Trog
Uskayaw
Vehumet
Wu Jian
Xom
Yredelemnul
Zin
The Shining One

Shops:
D:5 [   D:8 =   D:11 [

Annotations:
Lair:2 exclusion: 3 oklob plants
Lair:3 1 exclusion
Lair:5 1 runed translucent door, Ezab's ghost, journeyman MiFi


Innate Abilities, Weirdness & Mutations

You cannot wear most types of armour.
You are very stealthy in the water. (Stealth+)
You are amphibious.
You can wear up to eight rings at the same time.
You can use your tentacles to constrict eight enemies at once.
Your skin changes colour to match your surroundings (Stealth+).
Your rubbery body absorbs attacks. (AC +1, EV +1)


Message History

You hear a bellow! x3; You hear a loud, deep croak!
You hear a croak.
You hear a loud, deep croak!
You hear an angry hiss.
Your ice beast disappears in a puff of smoke!
You feel a strong surge of power! A chill wind blows around you.
A harpy comes into view.
A cane toad comes into view.
A water moccasin comes into view.
An elephant comes into view.
A crocodile comes into view.
A harpy comes into view.
Your ice beast hits the hippogriff.
Your ice beast freezes the hippogriff!
A komodo dragon comes into view.
The water moccasin bites your ice beast but does no damage.
Your ice beast hits the hippogriff.
Your ice beast freezes the hippogriff!!
The harpy misses you. The harpy claws you! The harpy completely misses you. x2
The water moccasin bites your ice beast!
The harpy claws you. The harpy misses you.
Your ice beast hits the hippogriff.
Your ice beast freezes the hippogriff!
The hippogriff dies!
Vehumet accepts your kill. The harpy barely misses you. The harpy claws you.
You feel a strong surge of power!
The walls around you are covered in ice.
The wall freezes the harpy.
The harpy claws you. The harpy closely misses you.
The wall freezes the harpy.
The harpy barely misses you. The harpy claws you.
A wyvern comes into view.
The wall freezes the harpy.
The harpy claws you! The harpy barely misses you.
The wall freezes the harpy.
The harpy barely misses you. The harpy claws you!
A rime drake comes into view.
The wall freezes the elephant.
A komodo dragon comes into view.
The wall freezes the harpy. x2; The harpy completely misses you.
The harpy barely misses you.
The wall freezes the cane toad.
The cane toad seems to slow down.
The wall freezes the harpy.
The harpy barely misses you. The harpy claws you!
* * * LOW HITPOINT WARNING * * *
The harpy claws you!
* * * LOW HITPOINT WARNING * * *
The harpy barely misses you.
The wall freezes the elephant!
The wall freezes the cane toad!
The cane toad seems to slow down.
As you read the scroll of teleportation, it crumbles to dust.
You feel strangely unstable.
The wall freezes the harpy.
The harpy barely misses you. x2; The harpy closely misses you.
The harpy claws you.
* * * LOW HITPOINT WARNING * * *
The wall freezes the harpy.
The harpy claws you!
* * * LOW HITPOINT WARNING * * *
The harpy barely misses you. The harpy closely misses you. The harpy claws you!
* * * LOW HITPOINT WARNING * * *
The wall freezes the harpy.
The harpy claws you.
You die...

................####
................###.###
.................##..P#
.....................##
....P....#...........###
.....P...###...........#
.........#F......÷....##
#......lY.HH..........###
###.....#P@†.........#.# #
##....##.......#....## #.#
##......##.......#....#
.#..(#.l..†..#####.##....###
...!..l....Y.# ##.##...#
......k..t.S## ###...#
............# #....##
..#.#.P.....# #.....##
..#.......## #...<#.#


You could see an elephant, a cane toad (slow), 2 harpies and a wyvern.

Vanquished Creatures
  Fannar (D:10)
  2 hydras
  2 two-headed ogres
  An unseen horror (D:10)
  An oklob plant (Lair:2)
  A cyclops (D:11)
  2 elephants
  2 black mambas
  4 cane toads
  Maggie (D:6)
  3 rime drakes
  5 komodo dragons
  2 polar bears (Lair:5)
  A troll (D:9)
  3 blink frogs (Lair:5)
  A hornet (D:9)
  3 dream sheep (Lair:5)
  5 hippogriffs
  A snapping turtle (Lair:3)
  3 redbacks (Lair:3)
  A shadow (D:11)
  2 wyverns
  A steam dragon (D:9)
  20 yaks
  5 water moccasins
  10 porcupines
  3 orc warriors
  2 sky beasts
  A black bear (D:8)
  4 wolves (D:8)
  8 centaurs
  3 ogres
  2 phantoms
  15 crocodiles
  A big kobold (D:8)
  18 bullfrogs
  A gnoll sergeant (D:7)
  5 scorpions
  10 killer bees (D:11)
  5 wights
  3 electric eels
  2 jellies
  A bullfrog zombie (D:11)
  2 quasits
  10 hounds
  6 orc priests
  12 orc wizards
  A centaur skeleton (D:7)
  3 iguanas
  10 worker ants
  A howler monkey zombie (D:11)
  A worker ant zombie (D:7)
  8 gnolls
  12 adders
  A howler monkey skeleton (D:11)
  A river rat (D:6)
  2 white imps (D:8)
  An ufetubus (D:7)
  An adder zombie (D:6)
  2 adder skeletons
  9 worms
  2 dart slugs
  5 leopard geckos
  31 orcs
  8 bats
  8 giant cockroaches
  9 goblins
  6 hobgoblins
  28 jackals
  3 quokkas
  3 ball pythons
  6 frilled lizards
  21 kobolds
  A leopard gecko skeleton (D:6)
  11 rats
392 creatures vanquished.

Vanquished Creatures (collateral kills)
  Gastronok (D:11)
  3 hydras
  2 elephants (Lair:5)
  2 rime drakes
  A troll (D:8)
  A hippogriff (Lair:6)
  A blink frog (Lair:5)
  3 dream sheep (Lair:5)
  A water moccasin (Lair:6)
  An ice beast (D:11)
  A wolf (D:8)
  A bullfrog (Lair:5)
  2 wights
  A nameless horror (D:7)
  A howler monkey (D:11)
  A jelly (D:4)
  A bullfrog zombie (D:11)
  A centaur zombie (D:5)
  A quasit (D:8)
  An iguana (D:11)
  A leopard gecko zombie (D:6)
28 creatures vanquished.

Vanquished Creatures (others)
  24 fungi
  42 plants
66 creatures vanquished.

Grand Total: 486 creatures vanquished

Notes
Turn   | Place    | Note
-------+----------+-------------------------------------------
     0 | D:1      | vurker the Octopode Ice Elementalist began the quest for
                  | the Orb.
     0 | D:1      | Reached XP level 1. HP: 11/11 MP: 3/3
   242 | D:1      | Reached XP level 2. HP: 6/18 MP: 0/5
   738 | D:1      | Reached XP level 3. HP: 13/22 MP: 6/6
   892 | D:1      | Learned a level 3 spell: Frozen Ramparts
  1094 | D:1      | Reached skill level 1 in Fighting
  2028 | D:2      | Reached XP level 4. HP: 22/28 MP: 6/8
  2218 | D:2      | Learned a level 4 spell: Hailstorm
  2307 | D:2      | Noticed a bullfrog
  2319 | D:2      | Killed a bullfrog
  2319 | D:2      | Reached skill level 1 in Conjurations
  2319 | D:2      | Reached XP level 5. HP: 22/34 MP: 2/9
  2499 | D:2      | Reached skill level 5 in Ice Magic
  3326 | D:3      | Reached XP level 6. HP: 28/39 MP: 6/11
  3542 | D:3      | Learned a level 4 spell: Summon Ice Beast
  4071 | D:3      | Found a hide-covered altar of Uskayaw.
  4088 | D:3      | Reached skill level 1 in Summonings
  4815 | D:4      | Noticed a phantom
  5117 | D:4      | Reached XP level 7. HP: 45/45 MP: 9/13
  6290 | D:5      | Entered Level 5 of the Dungeon
  6401 | D:5      | Found Umotirys's Antique Armour Emporium.
  6476 | D:5      | Found a staircase to the Ecumenical Temple.
  6500 | Temple   | Entered the Ecumenical Temple
  6716 | Temple   | Became a worshipper of Vehumet
  6889 | D:5      | Reached skill level 6 in Ice Magic
  7387 | D:5      | Reached XP level 8. HP: 39/52 MP: 3/15
  7818 | D:6      | Reached skill level 5 in Spellcasting
  8067 | D:6      | Found a glowing drain.
  8075 | Sewer    | Entered a sewer
  8128 | Sewer    | Reached * piety under Vehumet
  8128 | Sewer    | Offered knowledge of Magic Dart by Vehumet.
  8333 | D:6      | Reached skill level 7 in Ice Magic
  8833 | D:6      | Reached XP level 9. HP: 58/58 MP: 14/18
  9589 | D:6      | Reached skill level 8 in Ice Magic
  9660 | D:6      | Noticed Maggie
  9668 | D:6      | Killed Maggie
  9908 | D:6      | Reached skill level 5 in Fighting
 10188 | D:7      | Offered knowledge of Searing Ray by Vehumet.
 10482 | D:7      | Reached ** piety under Vehumet
 10622 | D:7      | Found a shimmering altar of Xom.
 11320 | D:8      | Reached skill level 9 in Ice Magic
 11368 | D:8      | Found a staircase to the Lair.
 11412 | D:8      | Reached XP level 10. HP: 51/67 MP: 18/21
 11508 | D:8      | Offered knowledge of Ignite Poison by Vehumet.
 12074 | D:8      | Reached *** piety under Vehumet
 12169 | D:8      | Found Etareb's Jewellery Shoppe.
 12587 | D:9      | Found an iron altar of Okawaru.
 13304 | D:9      | Reached skill level 10 in Ice Magic
 13709 | D:10     | Entered Level 10 of the Dungeon
 13743 | D:10     | Noticed Fannar
 14032 | D:10     | Killed Fannar
 14278 | D:10     | Offered knowledge of Static Discharge by Vehumet.
 14382 | D:10     | Noticed a two-headed ogre
 14390 | D:10     | Killed a two-headed ogre
 14390 | D:10     | Reached XP level 11. HP: 74/74 MP: 5/24
 14759 | D:10     | Killed an unseen horror
 15209 | D:10     | Identified a scroll of acquirement
 15209 | D:10     | Acquired 890 gold pieces
 15447 | D:11     | Noticed a cyclops
 16041 | D:11     | Killed a cyclops
 16041 | D:11     | Reached skill level 11 in Ice Magic
 16554 | D:11     | Found a staircase to the Orcish Mines.
 16555 | D:11     | Found Giqimnae's Armour Shoppe.
 16555 | D:11     | Noticed a two-headed ogre
 16563 | D:11     | Killed a two-headed ogre
 16563 | D:11     | Reached skill level 10 in Spellcasting
 16895 | D:11     | You fall into a shaft and drop 1 floor!
 16942 | D:11     | Noticed Gastronok
 16967 | D:11     | Killed Gastronok
 17944 | D:8      | Bought the ring "Heallil" {rPois rN+ Str+2 Dex+2 SInv} for
                  | 388 gold pieces
 17944 | D:8      | Bought an uncursed ring of ice for 250 gold pieces
 17944 | D:8      | Bought an uncursed ring of magical power for 200 gold
                  | pieces
 17966 | Lair:1   | Entered Level 1 of the Lair of Beasts
 18155 | Lair:1   | Noticed a four-headed hydra
 18165 | Lair:1   | Killed a four-headed hydra
 18165 | Lair:1   | Reached **** piety under Vehumet
 18565 | Lair:1   | Reached skill level 12 in Ice Magic
 18568 | Lair:1   | Noticed a seven-headed hydra
 18575 | Lair:1   | Killed a seven-headed hydra
 18575 | Lair:1   | Reached XP level 12. HP: 83/83 MP: 18/26
 20359 | Lair:2   | Offered knowledge of Airstrike by Vehumet.
 21101 | Lair:2   | Noticed an eight-headed hydra
 21106 | Lair:2   | Killed an eight-headed hydra
 21303 | Lair:2   | Found the -2 hat of the Alchemist {rElec rPois rF+ rC+ rN+
                  | MR+ rMut rCorr}
 21817 | Lair:3   | Reached skill level 13 in Ice Magic
 21820 | Lair:3   | Found a hole to the Spider Nest.
 21934 | Lair:3   | Found a staircase to the Shoals.
 22230 | Lair:3   | Noticed an ice dragon
 22966 | Lair:4   | Noticed a five-headed hydra
 22972 | Lair:4   | Killed a five-headed hydra
 23478 | Lair:4   | Reached XP level 13. HP: 66/90 MP: 29/29
 23887 | Lair:5   | Found a runed translucent door.
 23887 | Lair:5   | Noticed Ezab's ghost (journeyman MiFi)
 24486 | Lair:5   | Found a hazy altar of Hepliaklqana.
 24504 | Lair:5   | Reached ***** piety under Vehumet
 24598 | Lair:5   | Offered knowledge of Lee's Rapid Deconstruction by Vehumet.
 25233 | Lair:6   | Entered Level 6 of the Lair of Beasts
 25584 | Lair:6   | Reached skill level 14 in Ice Magic
 25634 | Lair:6   | HP: 4/92 [harpy (10)]
 25634 | Lair:6   | Slain by a harpy

Illustrated notes

Levels and vault maps discovered:
D:1:      dpeg_arrival_simpleton_b, layout_loops_ring,
          corexii_item_surrounded_by_moat
D:2:      layout_loops_ring, serial_bayou_pond_a
D:3:      layout_basic, old_standard_altar
D:4:      layout_gridville, serial_rivers, chequers_serial_rivers_micro_c,
          chequers_serial_rivers_micro_c, chequers_serial_rivers_small_b,
          chequers_serial_rivers_micro_a
D:5:      layout_basic, minmay_temple_entry_large_hall, serial_shops,
          nicolae_shop_trees, minmay_misc_feat_plants
D:6:      layout_loops_corners, lightli_sewer_entry_pipes, minivault_23,
          uniq_maggie
D:7:      layout_cave_pools, basic_altar
D:8:      layout_cave_pools, erik_lair_island, serial_shops, nicolae_shop_stone
D:9:      layout_loops_cross, okawaru_trees_2
D:10:     layout_loops_ring, serial_rivers, chequers_serial_rivers_micro_e,
          chequers_serial_rivers_large_a, chequers_serial_rivers_micro_d,
          chequers_serial_rivers_micro_c, chequers_serial_rivers_micro_b,
          chequers_serial_rivers_micro_d, uniq_fannar
D:11:     layout_irregular_city, orc_david_3, portal_ice_cave_rime,
          uniq_gastronok
D:12:     layout_gridville
Temple:   kilobyte_greek_temple
Lair:1:   layout_layer_cave, wad_woods_river_01
Lair:2:   layout_chaotic_city, serial_forest, infiniplex_forest_zigzag_2,
          infiniplex_forest_3_way, infiniplex_forest_lined_room_2,
          infiniplex_forest_lined_4_way, infiniplex_forest_side_room,
          infiniplex_forest_zigzag_1, infiniplex_forest_pool,
          infiniplex_forest_lined_1, st_stairs_10, minmay_lair_oklob_chamber
Lair:3:   dragon1_lemuel, layout_cave_shapes, minmay_shoals_entry_hut,
          spider_nest_entry_webs, serial_bayou_shore_b
Lair:4:   layout_cave_pods
Lair:5:   layout_hall_layers, ebering_ghost_inner_flame, basic_altar,
          infiniplex_staircase_pool_2, grunt_megastairs_1, lemuel_fruit_fields
Lair:6:   gammafunk_lair_ancient_temple, layout_gridlike, slime_altar_1,
          lemuel_old_faithful

Skill      XL: |  1  2  3  4  5  6  7  8  9 10 11 12 13 |
---------------+----------------------------------------+-----
Fighting       | 1 2 3 4 5 6 8 9 |  9.9
Spellcasting   | 3 4 6 7 9 10 12 | 12.7
Conjurations   | 1 2 3 |  3.0
Ice Magic      | 5 6 7 9 10 12 13 14 | 14.0
Summonings     | 1 3 |  3.0
Dodging        | |  2.0
Stealth        | |  2.6

Action                   |  1- 3 |  4- 6 |  7- 9 | 10-12 | 13-15 || total
-------------------------+-------+-------+-------+-------+-------++-------
Melee: Unarmed           |    11 |       |       |       |       ||    11
       Constrict         |    14 |    32 |    31 |    10 |       ||    87
       Tentacles         |    10 |    14 |    34 |     9 |     2 ||    69
       Dagger            |    44 |   104 |    82 |       |       ||   230
       Scimitar          |       |       |    38 |    15 |       ||    53
       Staff             |       |       |       |    25 |     5 ||    30
 Cast: Freeze            |     9 |    28 |    55 |    76 |    20 ||   188
       Frozen Ramparts   |     2 |     9 |    42 |    50 |     8 ||   111
       Hailstorm         |       |       |    20 |   137 |    31 ||   188
       Summon Ice Beast  |       |       |    12 |    43 |    13 ||    68
Evoke: Wand              |       |       |       |    13 |       ||    13
  Use: Scroll            |       |       |    16 |    13 |     2 ||    31
 Stab: Sleeping          |    13 |    12 |     6 |     2 |       ||    33
       Distracted        |     1 |       |     2 |       |       ||     3
Armor: Skin              |     2 |     8 |     1 |     3 |     1 ||    15
Dodge: Dodged            |    42 |    69 |   100 |    87 |    44 ||   342
Block: Other             |       |       |    11 |    37 |       ||    48
       Reflection        |       |       |       |     7 |       ||     7
       Rpst.: Scimitar   |       |       |     8 |     1 |       ||     9

Table legend: (Time is in decaauts)
 A = Elapsed time spent in this place.
 B = Non-inter-level travel time spent in this place.
 C = Inter-level travel time spent in this place.
 D = Time resting spent in this place.
 E = Time spent auto-exploring this place.
 F = Levels seen in this place.
 G = Mean time per level.
                   A        B        C        D        E       F      G
               +--------+--------+--------+--------+--------+-----+--------+
         Total |  25674 |  24902 |    772 |   2209 |  19664 |  20 | 1283.7 |
       Dungeon |  17546 |  17000 |    546 |   1812 |  13005 |  12 | 1462.2 |
        Temple |    250 |    217 |     33 |      0 |    209 |   1 |  250.0 |
          Lair |   7665 |   7473 |    192 |    397 |   6276 |   6 | 1277.5 |
         Sewer |    211 |    211 |      0 |      0 |    174 |   1 |  211.0 |
               +--------+--------+--------+--------+--------+-----+--------+

Top non-repeatable levels by time:
     D:6: 2431 daAuts
    D:10: 2052 daAuts
  Lair:1: 1943 daAuts
    D:11: 1915 daAuts
     D:1: 1837 daAuts
     D:4: 1632 daAuts
  Lair:5: 1624 daAuts
  Lair:2: 1618 daAuts
     D:2: 1546 daAuts
     D:9: 1375 daAuts
     D:8: 1330 daAuts
     D:3: 1314 daAuts
     D:5: 1228 daAuts
  Lair:4: 1146 daAuts
  Lair:3: 1145 daAuts
